 Dungeon Sprint DCSS version 0.28.0-53-g5a82cb258f (webtiles) character file.

Game seed: 6115165641968149240

6194 Zeld the Warrior (level 10, -1/112 HPs)
             Began as a Minotaur Berserker on June 13, 2022.
             Was a High Priest of Trog.
             Slain by a lindwurm (6 damage)
             ... in the Dungeon (Sprint IX: "|||||||||||||||||||||||||||||").
             The game lasted 00:01:16 (1946 turns).

Zeld the Warrior (Minotaur Berserker)               Turns: 1946, Time: 00:01:16

Health: -1/112     AC:  4    Str: 26    XL:     10   Next: 61%
Magic:  9/9        EV: 16    Int:  4    God:    Trog [*****.]
Gold:   9          SH:  0    Dex: 10    Spells: 9/9 levels left

rFire   . . .      SeeInvis .   a - +3 war axe (venom)
rCold   . . .      Faith    .   (no shield)
rNeg    . . .      Spirit   .   b - +0 animal skin
rPois   .          Reflect  .   (helmet restricted)
rElec   .          Harm     .   (no cloak)
rCorr   .          Rampage  .   k - +0 pair of gloves
Will    .....      NoTele   +   (no boots)
Stlth   +.........              (no amulet)
HPRegen 0.28/turn               (no ring)
MPRegen 0.11/turn               (no ring)

@: lethally poisoned (-1 -> -27), on berserk cooldown, slowed, very slow
A: horns 2, retaliatory headbutt
a: Renounce Religion, Berserk, Trog's Hand, Brothers in Arms


You were in the Dungeon.
You worshipped Trog.
Trog was extremely pleased with you.
You visited 1 branch You collected 9 gold pieces.

Inventory:

Hand Weapons
 a - a +3 war axe of venom (weapon)
Armour
 b - a +0 animal skin (worn)
 k - a +0 pair of gloves (worn)
Wands
 j - a wand of iceblast (10)
Scrolls
 h - a scroll of blinking
 m - 2 scrolls of enchant armour
 n - 6 scrolls of enchant weapon
 o - a scroll of identify
Potions
 c - 6 potions of curing
 d - 9 potions of heal wounds
 e - a potion of haste
 f - 4 potions of magic
 g - a potion of berserk rage
 i - a potion of invisibility
 l - a potion of resistance


   Skills:
 * Level 17.8 Fighting
 * Level 17.7 Axes
 + Level 12.7 Armour
 + Level 11.7 Dodging


You had 9 spell levels left.
You didn't know any spells.
Your spell library was empty.

Dungeon Overview and Level Annotations

Branches:
Dungeon (1/1)

Altars:
Cheibriados
Dithmenos
Elyvilon
Fedhas
Gozag
Hepliaklqana
Kikubaaqudgha
Makhleb
Nemelex Xobeh
Okawaru
Qazlal
Ru
Sif Muna
Trog
Uskayaw
Vehumet
Wu Jian
Xom
Yredelemnul
Zin
The Shining One
Beogh
Jiyva
Lugonu


Innate Abilities, Weirdness & Mutations

You have a pair of horns on your head.
You reflexively headbutt those who attack you in melee.


Message History

The black mamba bites you!
You are more poisoned.
The black mamba poisons you!
Unknown command.
You hit the black mamba.
The black mamba is moderately wounded.
You feel very sick.
The black mamba bites you but does no damage.
You slice the black mamba!! Your headbutt misses the black mamba.
The black mamba is almost dead.
You feel very sick. The black mamba bites you.
You are more poisoned.
The black mamba poisons you!
You slice the black mamba!!
You kill the black mamba!
Trog accepts your kill.
You feel extremely sick.
Unknown command.
You hit the lindwurm but do no damage.
The lindwurm is poisoned.
You headbutt the lindwurm!!
The lindwurm is moderately wounded.
You are no longer berserk.
You are exhausted.
You feel yourself slow down.
You feel very sick.
You barely miss the lindwurm.
The lindwurm is moderately wounded.
You feel extremely sick. The lindwurm breathes flames at you.
The blast of flame hits you!!!
* * * LOW HITPOINT WARNING * * *
You barely miss the lindwurm. You headbutt the lindwurm!
The lindwurm is severely wounded.
* * * LOW HITPOINT WARNING * * *
You feel extremely sick. The lindwurm barely misses you.
You furiously retaliate!
You headbutt the lindwurm, but do no damage.
The lindwurm claws you.
You die...

▓.▓_▓
▓.▓.▓_▓
▓.▓.▓_▓
▓.▓.▓_▓
▓h▓.▓_▓
▓l▓.▓_▓
▓F▓.▓_▓
▓k▓.▓_▓
▓@▓.▓_▓
▓†▓.▓_▓
▓)▓.▓_▓
▓.▓.▓_▓
▓.▓.▓_▓
▓.▓.▓_▓
▓.▓.▓_▓
▓.▓.▓_▓
▓.▓.▓_▓


You could see a lindwurm (very poisoned, catching breath), a komodo dragon, a
cane toad and a wolf.

Vanquished Creatures
  A two-headed ogre (D)
  A tengu warrior (D)
  An elephant (D)
  A black mamba (D)
  3 cane toads (D)
  A gargoyle (D)
  A komodo dragon (D)
  A blink frog (D)
  A shadow (D)
  A basilisk (D)
  3 yaks (D)
  An acid dragon (D)
  A water moccasin (D)
  A sky beast (D)
  A centaur (D)
  3 bullfrogs (D)
  2 iguanas (D)
  An orc wizard (D)
  2 adder skeletons (D)
  An adder zombie (D)
  A giant cockroach (D)
  A goblin (D)
  A hobgoblin (D)
  A ball python (D)
  A bat (D)
33 creatures vanquished.

Vanquished Creatures (collateral kills)
  A hydra (D)
  A cyclops (D)
  An ugly thing (D)
3 creatures vanquished.

Grand Total: 36 creatures vanquished

Notes
Turn   | Place    | Note
-------+----------+-------------------------------------------
     0 | D        | Zeld the Minotaur Berserker began the quest for the Orb.
     0 | D        | Reached XP level 1. HP: 19/19 MP: 0/0
    12 | D        | Reached ** piety under Trog
   142 | D        | Noticed an iguana
   142 | D        | Noticed an iguana
   142 | D        | Noticed a sky beast
   149 | D        | Killed a sky beast
   150 | D        | Reached XP level 2. HP: 23/34 MP: 1/1
   150 | D        | Reached XP level 3. HP: 27/39 MP: 2/2
   150 | D        | Reached XP level 4. HP: 32/47 MP: 3/3
   152 | D        | Reached *** piety under Trog
   156 | D        | HP: 3/70 [iguana (12)]
   158 | D        | Reached skill level 5 in Armour
   549 | D        | Reached skill level 5 in Dodging
   549 | D        | Reached XP level 5. HP: 27/53 MP: 4/4
   713 | D        | Found a snail-covered altar of Cheibriados.
   713 | D        | Found a shadowy altar of Dithmenos.
   713 | D        | Found a white marble altar of Elyvilon.
   713 | D        | Found a blossoming altar of Fedhas.
   713 | D        | Found an opulent altar of Gozag.
   714 | D        | Found a hazy altar of Hepliaklqana.
   715 | D        | Found a viscous altar of Jiyva.
   716 | D        | Found an ancient bone altar of Kikubaaqudgha.
   717 | D        | Found a corrupted altar of Lugonu.
   718 | D        | Found a burning altar of Makhleb.
   719 | D        | Found a sparkling altar of Nemelex Xobeh.
   720 | D        | Found an iron altar of Okawaru.
   721 | D        | Found a stormy altar of Qazlal.
   722 | D        | Found a sacrificial altar of Ru.
   723 | D        | Found a shimmering blue altar of Sif Muna.
   724 | D        | Found a bloodstained altar of Trog.
   725 | D        | Found a hide-covered altar of Uskayaw.
   726 | D        | Found a radiant altar of Vehumet.
   727 | D        | Found an ornate altar of the Wu Jian Council.
   728 | D        | Found a shimmering altar of Xom.
   729 | D        | Found a basalt altar of Yredelemnul.
   730 | D        | Found a glowing silver altar of Zin.
   731 | D        | Found a glowing golden altar of the Shining One.
   770 | D        | Noticed a yak
   770 | D        | Noticed a centaur
   770 | D        | Noticed a two-headed ogre
   770 | D        | Noticed an acid dragon
   774 | D        | Killed an acid dragon
   774 | D        | Reached **** piety under Trog
   776 | D        | Killed a two-headed ogre
   777 | D        | Reached XP level 6. HP: 42/70 MP: 5/5
   777 | D        | Reached XP level 7. HP: 47/77 MP: 6/6
   783 | D        | Killed a yak
   784 | D        | Reached XP level 8. HP: 35/85 MP: 7/7
   784 | D        | Reached ***** piety under Trog
  1078 | D        | Noticed a cyan ugly thing
  1078 | D        | Noticed a four-headed hydra
  1078 | D        | Noticed a cyclops
  1078 | D        | Noticed a gargoyle
  1078 | D        | Noticed a tengu warrior
  1084 | D        | Killed a tengu warrior
  1087 | D        | Killed a gargoyle
  1088 | D        | Reached skill level 10 in Armour
  1096 | D        | Reached XP level 9. HP: 62/96 MP: 8/8
  1098 | D        | HP: 3/96 [cyclops (26)]
  1104 | D        | Killed a cyclops
  1105 | D        | Reached skill level 15 in Fighting
  1105 | D        | Reached skill level 15 in Axes
  1105 | D        | Killed a four-headed hydra
  1106 | D        | Reached skill level 10 in Dodging
  1107 | D        | Killed a cyan ugly thing
  1688 | D        | Noticed a komodo dragon
  1688 | D        | Noticed a cane toad
  1688 | D        | Noticed a cane toad
  1698 | D        | Killed a cane toad
  1698 | D        | Received a gift from Trog
  1699 | D        | Reached XP level 10. HP: 108/108 MP: 9/9
  1701 | D        | Killed a cane toad
  1924 | D        | Noticed a lindwurm
  1924 | D        | Noticed a black mamba
  1924 | D        | Noticed an elephant
  1924 | D        | Noticed a cane toad
  1927 | D        | Noticed a cane toad
  1930 | D        | Killed a cane toad
  1931 | D        | Received a gift from Trog
  1935 | D        | Killed an elephant
  1943 | D        | Killed a black mamba
  1946 | D        | HP: 5/112 [poisoned by a black mamba]
  1946 | D        | Slain by a lindwurm

Illustrated notes

Levels and vault maps discovered:
D:        linesprint [early_d, line_temple, items_1, d_10, items_2, lair_1,
          lair_end, items_3, orc_1, orc_end, items_4, d_15, swamp_1, shoals_1,
          snake_1, spider_1, d_20, vaults_1, items_5, swamp_end, shoals_end,
          snake_end, spider_end, vaults_end, d_27, items_6, zot_1, zot_end,
          crypt_end, forest_end, elf_end, slime_end, tomb_end, abyss_end,
          pan_hell_end]

Skill      XL: |  1  2  3  4  5  6  7  8  9 10 |
---------------+-------------------------------+-----
Fighting       | 7 8 12 14 16 17 | 17.8
Axes           | 7 8 12 14 16 17 | 17.7
Armour         | 4 5 8 9 10 11 12 | 12.7
Dodging        | 4 5 7 8 9 10 11 | 11.7

Action                   |  1- 3 |  4- 6 |  7- 9 | 10-12 || total
-------------------------+-------+-------+-------+-------++-------
Melee: Hand axe          |    18 |    25 |       |       ||    43
       Headbutt          |     4 |     2 |     9 |    10 ||    25
       War axe           |       |     5 |    32 |    37 ||    74
       Punch             |       |       |     1 |       ||     1
Invok: Berserk           |     1 |     1 |     2 |     1 ||     5
       Brothers in Arms  |       |       |     1 |       ||     1
  Use: Scroll            |       |       |     1 |       ||     1
Armor: Animal skin       |     1 |     2 |     6 |     3 ||    12
Dodge: Dodged            |     8 |    11 |    11 |     9 ||    39
